 Dungeon Crawl Stone Soup version 0.28.0-43-g3370ac3207 (webtiles) character file.

Game seed: 9144463514916904191

728 CryoSword the Skirmisher (level 7, -3/70 (76) HPs)
             Began as an Ogre Berserker on Mar 8, 2022.
             Was a Follower of Trog.
             Succumbed to Dowan's poison
             ... on level 5 of the Dungeon.
             The game lasted 00:07:28 (5176 turns).

CryoSword the Skirmisher (Ogre Berserker)           Turns: 5176, Time: 00:07:28

HP:   -3/70 (76)    AC: 10    Str: 22    XL:     7   Next: 72%
MP:   16/16         EV: 11    Int:  8    God:    Trog [*.....]
Gold: 103           SH:  0    Dex: 10    Spells: 6/6 levels left

rFire   . . .      SeeInvis .   l - +1 flail (protect)
rCold   . . .      Faith    .   r - orb {mayhem}
rNeg    . . .      Spirit   .   b - +0 animal skin
rPois   .          Reflect  .   (helmet restricted)
rElec   .          Harm     .   (no cloak)
rCorr   .          Rampage  .   (gloves unavailable)
Will    ++...                   (boots unavailable)
Stlth   +.........              (no amulet)
HPRegen 1.21/turn               c - ring of magical power
MPRegen 0.15/turn               p - ring of flight

@: lethally poisoned (-3 -> -37), about to teleport, strong-willed (expiring),
under a protective aura, on berserk cooldown, flying, regenerating (expiring),
slowed, drained, very slow
A: large, unfitting armour, tough skin 1
a: Renounce Religion, Berserk


You were on level 5 of the Dungeon.
You worshipped Trog.
Trog was aware of your devotion.
You visited 1 branch of the dungeon, and saw 5 of its levels.

You collected 174 gold pieces.
You spent 71 gold pieces at shops.

Inventory:

Hand Weapons
 l - a +1 flail of protection (weapon)
   (You took it off an orc on level 3 of the Dungeon)
Missiles
 d - 7 poisoned darts (quivered)
 u - 4 boomerangs
Armour
 b - a +0 animal skin (worn)
 r - an orb of mayhem (worn)
   (You found it on level 4 of the Dungeon)
Jewellery
 c - a ring of magical power (left hand)
   (You found it on level 2 of the Dungeon)
 p - a ring of flight (right hand)
   (You found it on level 4 of the Dungeon)
Wands
 t - a wand of iceblast (5)
   (You found it on level 4 of the Dungeon)
Scrolls
 f - a scroll of enchant armour {unknown}
 j - a scroll of vulnerability {unknown}
 k - 3 scrolls of teleportation {@r4}
 m - a scroll of identify {@r1}
 n - a scroll of fog {unknown}
 o - a scroll of magic mapping {unknown}
 q - a scroll of blinking {unknown}
Potions
 a - a potion of heal wounds {unknown}
 e - a potion of mutation {!q}
 g - a potion of magic {unknown}
 h - a potion of resistance {unknown}
 i - a potion of curing {unknown}
 s - a potion of berserk rage {unknown}


   Skills:
 + Level 6.6 Fighting
 * Level 6.0 Maces & Flails
 + Level 4.6 Dodging


You had 6 spell levels left.
You didn't know any spells.
Your spell library was empty.

Dungeon Overview and Level Annotations

Branches:
Dungeon (5/15)             Temple (0/1) D:5

Altars:

Shops:
D:1 ?

Annotations:
D:5 1 transporter, Dowan


Innate Abilities, Weirdness & Mutations

You are too large for most types of armour.
You have tough skin. (AC +1)


Message History

Your weapon exudes an aura of protection.
You feel sick. The water moccasin barely misses you.
You barely miss the water moccasin.
You feel sick. The dart slug launches a dart at you. The slug dart misses you.
The water moccasin closely misses you.
You barely miss the water moccasin.
You feel sick. The water moccasin bites you.
* * * LOW HITPOINT WARNING * * *
You are more poisoned.
The water moccasin poisons you!
You closely miss the water moccasin.
You feel very sick. The dart slug launches a dart at you.
The slug dart hits you.
* * * LOW HITPOINT WARNING * * *
The water moccasin bites you but does no damage.
You barely miss the water moccasin.
You feel very sick. The water moccasin bites you.
* * * LOW HITPOINT WARNING * * *
You sock the water moccasin!
Your weapon exudes an aura of protection.
You feel very sick. The dart slug closely misses you.
The water moccasin bites you but does no damage.
You sock the water moccasin!
You feel the power of Trog in you as your rage grows.
You kill the water moccasin!
Trog accepts your kill.
The dart slug flies into a frenzy!
You feel very sick. The dart slug completely misses you.
You thump the dart slug!
You kill the dart slug!
Trog accepts your kill.
You can now call upon Trog for regeneration and willpower.
You feel sick.
You feel sick.
You feel a strong urge to attack something.
You feel sick.
You feel sick.
You feel your anger nearly subside.
You are no longer berserk.
You are exhausted.
You feel yourself slow down.
You feel sick.
You feel sick.
You feel sick.
You start resting.
You feel sick. x2
You are no longer poisoned.
You start resting.
You feel yourself speed up.
You start resting.
You recover from your berserk rage.
You start resting.
Found a staircase to the Ecumenical Temple.
Could not explore, unopened door.
Could not explore, unopened door.
You reach down and open the door.
Duvessa and a howler monkey skeleton come into view.
Duvessa is wielding a +0 short sword of draining and carrying a wand of flame (6).
Duvessa shouts!
Dowan, Brother of Duvessa comes into view.
He is wielding a +3 dagger of venom.
Dowan points at Duvessa and mumbles some strange words.
Duvessa seems to speed up.
Duvessa zaps a wand.
The puff of flame hits you.
Your skin crawls.
You feel strong-willed.
You can no longer call upon Trog for regeneration and willpower.
Duvessa zaps a wand.
The puff of flame misses you.
Duvessa zaps a wand.
The puff of flame misses you.
A red film seems to cover your vision as you go berserk!
You feel yourself moving faster!
You feel mighty!
Duvessa hits you with a +0 short sword of draining!
You feel drained.
You hit Duvessa but do no damage.
Your weapon exudes an aura of protection.
Duvessa hits you with a +0 short sword of draining.
You feel drained.
Duvessa hits you with a +0 short sword of draining.
You feel drained.
You hit Duvessa.
Duvessa hits you with a +0 short sword of draining.
You feel drained.
You hit Duvessa but do no damage. You sock Duvessa!
Duvessa hits you with a +0 short sword of draining!
You feel drained.
You thump Duvessa!
Duvessa hits you with a +0 short sword of draining.
You feel drained.
You hit Duvessa.
Duvessa hits you with a +0 short sword of draining.
You feel drained.
You barely miss Duvessa.
Duvessa hits you with a +0 short sword of draining.
You feel drained. Dowan closely misses you.
Duvessa zaps a wand.
The puff of flame hits you!
You sock Duvessa!
You kill Duvessa!
Trog accepts your kill.
Dowan's eyes darken. "You have made a black mistake."
Dowan seems to find hidden reserves of power!
Dowan hits you with a +3 dagger of venom.
You are poisoned.
Your Maces & Flails skill increases to level 6!
Unknown command.
You sock Dowan!
You feel sick. Dowan gestures at you while chanting. The stone arrow hits you!
* * * LOW HITPOINT WARNING * * *
You closely miss Dowan.
Dowan gestures wildly while chanting.
Dowan blinks!
Dowan mumbles some strange words.
Dowan blinks!
You sock the howler monkey skeleton!
You feel sick.
You thump the howler monkey skeleton!
You destroy the howler monkey skeleton!
Trog accepts your kill.
Dowan flies into a frenzy!
You feel sick.
You feel sick.
Items here: ) / [ †.
You miss Dowan.
You are no longer berserk.
You are exhausted.
You feel yourself slow down. Dowan barely misses you.
You hit Dowan.
You feel sick.
You are no longer poisoned.
Dowan hits you with a +3 dagger of venom!
* * * LOW HITPOINT WARNING * * *
You are poisoned.
Dowan hits you with a +3 dagger of venom.
* * * LOW HITPOINT WARNING * * *
You are more poisoned.
Dowan hits you with a +3 dagger of venom!
* * * LOW HITPOINT WARNING * * *
You are more poisoned.
Unknown command.
Okay, then.
As you read the scroll labelled SAJIEDW UFATZ, it crumbles to dust.
You feel strangely unstable.
It was a scroll of teleportation.
You feel the effects of Trog's Hand fading.
You die...

#..#...##....###
.#.........#### ##...
...........# #....
.#........# #....
#........# #....
#........# #....
##..##.###### #...
####..##.###..########...
.......e@......#.........
...............+.........
.........##..#...........
.###.##..#####........©..
#. #..##.....######### .
.......†..#.....(?. #
#.......#..#........
#.......#..#..##...#
#..........# .# ...


You could see the neutral Dowan (fast, strong, insane).

Vanquished Creatures
  Sigmund (D:4)
  A water moccasin (D:5)
  Duvessa (D:5)
  A hound (D:4)
  A bullfrog skeleton (D:4)
  An iguana (D:4)
  An orc wizard (D:3)
  Natasha (thrice) (D:2)
  A howler monkey skeleton (D:5)
  3 gnolls (D:4)
  5 adders
  An adder skeleton (D:4)
  5 dart slugs
  3 orcs (D:3)
  4 bats
  11 endoplasms
  4 giant cockroaches
  4 goblins
  6 hobgoblins
  2 quokkas
  5 ball pythons
  3 frilled lizards
  7 kobolds
  7 rats
81 creatures vanquished.

Notes
Turn   | Place    | Note
-------+----------+-------------------------------------------
     0 | D:1      | CryoSword the Ogre Berserker began the quest for the Orb.
     0 | D:1      | Reached XP level 1. HP: 24/24 MP: 1/1
    41 | D:1      | Found Asuush's Magic Scroll Boutique.
   130 | D:1      | Reached XP level 2. HP: 22/32 MP: 2/2
   283 | D:1      | Found a faded altar of an unknown god.
   745 | D:1      | Reached XP level 3. HP: 38/40 MP: 3/3
   759 | D:1      | You fall into a shaft and drop 1 floor!
  1247 | D:1      | Reached ** piety under Trog
  1666 | D:1      | Bought a scroll of immolation for 38 gold pieces
  1666 | D:1      | Bought a scroll of noise for 11 gold pieces
  1666 | D:1      | Bought a scroll of identify for 22 gold pieces
  1957 | D:2      | Noticed Natasha
  1963 | D:2      | Killed Natasha
  1964 | D:2      | Reached XP level 4. HP: 39/49 MP: 4/4
  2155 | D:2      | Noticed Natasha
  2165 | D:2      | Killed Natasha
  2749 | D:2      | Noticed Natasha
  2758 | D:2      | Killed Natasha
  2759 | D:2      | Reached skill level 5 in Fighting
  2759 | D:2      | Reached XP level 5. HP: 57/57 MP: 5/5
  3856 | D:4      | Noticed Sigmund
  3867 | D:4      | Killed Sigmund
  3868 | D:4      | Reached skill level 5 in Maces & Flails
  3868 | D:4      | Reached XP level 6. HP: 67/67 MP: 6/6
  4119 | D:4      | Reached XP level 7. HP: 64/75 MP: 7/7
  4825 | D:5      | Entered Level 5 of the Dungeon
  4825 | D:5      | Found a transporter.
  5138 | D:5      | Found a staircase to the Ecumenical Temple.
  5147 | D:5      | Noticed Duvessa
  5147 | D:5      | Noticed Dowan
  5168 | D:5      | Killed Duvessa
  5176 | D:5      | Succumbed to Dowan's poison

Illustrated notes

Levels and vault maps discovered:
D:1:      grunt_arrival_lava_bath, layout_basic, serial_shops,
          nicolae_diamond_shop, hellmonk_ecumenical_altar_crossroads,
          grunt_decor_mini_mirrors
D:2:      layout_loops_ring, kennysheep_generic_room_10, uniq_natasha
D:3:      layout_rooms
D:4:      wander_river, layout_basic, uniq_sigmund
D:5:      layout_gridville, minmay_temple_entry_mini_moons,
          gammafunk_ghost_mausoleum, uniq_duvessa, uniq_crazy_yiuf_cottage

Skill      XL: |  1  2  3  4  5  6  7 |
---------------+----------------------+-----
Maces & Flails | 3 4 5 6 |  6.0
Dodging        | 3 4 |  4.6
Fighting       | 5 6 |  6.6

Action                   |  1- 3 |  4- 6 |  7- 9 || total
-------------------------+-------+-------+-------++-------
Melee: Mace              |   104 |    63 |       ||   167
       Punch             |       |     1 |       ||     1
       Flail             |       |    37 |    61 ||    98
Throw: Dart              |       |     3 |       ||     3
Invok: Berserk           |       |     4 |     3 ||     7
       Trog's Hand       |       |     4 |     1 ||     5
  Use: Scroll            |     1 |     1 |     1 ||     3
 Stab: Sleeping          |       |       |     1 ||     1
Armor: Animal skin       |    31 |    29 |    12 ||    72
Dodge: Dodged            |    69 |    49 |    30 ||   148
